 Seeded DCSS version 0.28.0-45-g0d030f2227 (webtiles) character file.

Game seed: 20220418 (custom seed)

88 jessy the Slasher (level 4, -2/35 HPs)
             Began as a Human Berserker on Apr 18, 2022.
             Was a Believer of Trog.
             Slain by a hobgoblin (3 damage)
             ... on level 3 of the Dungeon.
             The game lasted 00:11:57 (3132 turns).

jessy the Slasher (Human Berserker)                 Turns: 3132, Time: 00:11:58

Health: -2/35      AC:  5    Str: 17    XL:     4   Next: 81%
Magic:  4/4        EV: 11    Int:  8    God:    Trog [**....]
Gold:   57         SH:  0    Dex: 14    Spells: 3/3 levels left

rFire   . . .      SeeInvis .   a - +0 falchion
rCold   . . .      Faith    .   (no shield)
rNeg    . . .      Spirit   .   e - +0 ring mail
rPois   .          Reflect  .   (no helmet)
rElec   .          Harm     .   (no cloak)
rCorr   .          Rampage  .   (no gloves)
Will    .....                   (no boots)
Stlth   +.........              (no amulet)
HPRegen 0.11/turn               (no ring)
MPRegen 0.09/turn               (no ring)

@: no status effects
A: no striking features
a: Renounce Religion, Berserk, Trog's Hand


You were on level 3 of the Dungeon.
You worshipped Trog.
Trog was pleased with you.
You visited 1 branch of the dungeon, and saw 3 of its levels.

You collected 57 gold pieces.

Inventory:

Hand Weapons
 a - a +0 falchion (weapon)
 c - a +0 mace
 d - a +0 club
 g - a +0 hunting sling
 h - a +0 club
 i - a +0 short sword
 j - a +0 short sword
 k - a +0 whip
 o - a +0 dagger
 w - a +0 dagger
 x - a +0 dagger
 y - a +0 short sword
 z - a +0 whip
 A - a +2 dagger of freezing
Missiles
 l - 71 stones (quivered)
 n - 5 sling bullets
 q - 14 bolts
 v - 5 poisoned darts
 D - 27 arrows
Armour
 b - a +0 animal skin
 e - a +0 ring mail (worn)
 t - a +0 robe
 B - a +0 ring mail
Scrolls
 f - a scroll of identify {unknown}
 m - a scroll of enchant armour {unknown}
 p - a scroll of teleportation {unknown}
 s - a scroll of vulnerability {unknown}
 u - a scroll of blinking {unknown}
 C - a scroll of noise {unknown}
Potions
 r - a potion of curing


   Skills:
 + Level 3.2 Fighting
 + Level 3.8 Long Blades
 + Level 3.1 Armour
 + Level 2.5 Dodging
 + Level 0.5 Stealth


You had 3 spell levels left.
You didn't know any spells.
Your spell library was empty.

Dungeon Overview and Level Annotations

Branches:
Dungeon (3/15)

Altars:
Trog


Message History

The gnoll is heavily wounded.
A bat comes into view.
The gnoll barely misses you. The gnoll misses you.
The hobgoblin hits you but does no damage.
You closely miss the gnoll.
The gnoll is heavily wounded.
The gnoll closely misses you. The gnoll hits you with a +0 club.
The hobgoblin closely misses you.
The gnoll hits you from afar with a +0 halberd!
You closely miss the gnoll.
The gnoll is heavily wounded.
The gnoll misses you. The hobgoblin hits you. The gnoll barely misses you. x2
You hit the gnoll.
You kill the gnoll!
Trog accepts your kill. The hobgoblin barely misses you.
The gnoll closely misses you. The hobgoblin hits you.
You barely miss the gnoll.
The gnoll is moderately wounded.
The gnoll closely misses you. The gnoll completely misses you.
The hobgoblin closely misses you.
You closely miss the gnoll.
The gnoll is moderately wounded.
The gnoll completely misses you.
The gnoll hits you from afar with a +0 halberd!
* * * LOW HITPOINT WARNING * * *
The hobgoblin hits you but does no damage.
You hit the gnoll but do no damage.
The gnoll is moderately wounded.
The gnoll hits you but does no damage. The gnoll closely misses you.
The hobgoblin misses you.
You hit the gnoll.
The gnoll is severely wounded.
The gnoll barely misses you. x2; The hobgoblin hits you.
* * * LOW HITPOINT WARNING * * *
You hit the gnoll.
You kill the gnoll!
Trog accepts your kill. The gnoll closely misses you. The hobgoblin hits you.
You die...

.#
...........#..##.##
.....................
...##.........#.#..#
#.b..####........##
###...#....###.###
.#.......#.## .#
........##.# #
.#.#.##g##.# ..
#@##.# ... #)#..# .#
.gg.## #...# #....
...... ##.##< #.# .#


You could see 2 gnolls, a hobgoblin and a bat.

Vanquished Creatures
  2 gnolls (D:3)
  2 adders (D:2)
  A worm (D:2)
  2 dart slugs
  5 endoplasms
  4 giant cockroaches
  6 goblins
  5 hobgoblins
  4 jackals (D:1)
  2 quokkas
  A ball python (D:1)
  3 bats
  4 frilled lizards
  7 kobolds
  4 rats
52 creatures vanquished.

Notes
Turn   | Place    | Note
-------+----------+-------------------------------------------
     0 | D:1      | jessy the Human Berserker began the quest for the Orb.
     0 | D:1      | Reached XP level 1. HP: 18/18 MP: 1/1
   417 | D:1      | Reached XP level 2. HP: 24/24 MP: 2/2
   621 | D:1      | Reached XP level 3. HP: 19/29 MP: 3/3
   867 | D:1      | Reached ** piety under Trog
  2172 | D:2      | Reached XP level 4. HP: 35/35 MP: 4/4
  2330 | D:2      | Found a faded altar of an unknown god.
  2347 | D:2      | Prayed at the altar of an unknown god.
  3131 | D:3      | HP: 1/35 [hobgoblin (3)]
  3132 | D:3      | Slain by a hobgoblin

Illustrated notes

Levels and vault maps discovered:
D:1:      dpeg_arrival_morbid_curiosity, layout_loops_corners,
          corexii_corridor_pit, chequers_decorated_corner, serial_park_tiny_1,
          hangedman_decor_points
D:2:      layout_basic, shapermc_ecumenical_altar_pompeii
D:3:      layout_rooms, mainiacjoe_overflow_brackets, evilmike_ruin_ashenzari

Skill      XL: |  1  2  3  4 |
---------------+-------------+-----
Armour         | 3 |  3.1
Fighting       | |  3.2
Long Blades    | |  3.8
Dodging        | |  2.5
Stealth        | |  0.5

Action                   |  1- 3 |  4- 6 || total
-------------------------+-------+-------++-------
Melee: Falchion          |   114 |    52 ||   166
       Punch             |     1 |       ||     1
  Use: Potion            |     5 |       ||     5
Armor: Ring mail         |    46 |    26 ||    72
Dodge: Dodged            |   106 |    60 ||   166
